 Dungeon Crawl Stone Soup version 0.18-a0-1577-gf591c28 (webtiles) character file.

5414 George the Cleaver (level 10, -2/88 HPs)
             Began as a Minotaur Gladiator on Mar 18, 2016.
             Was a Priest of Makhleb.
             Slain by a swamp worm (6 damage)
             ... on level 9 of the Dungeon.
             The game lasted 00:14:13 (8085 turns).

George the Cleaver (Minotaur Gladiator)             Turns: 8085, Time: 00:14:13

Health: -2/88      AC: 15    Str: 22    XL:     10   Next: 40%
Magic:  13/13      EV:  8    Int:  5    God:    Makhleb [***...]
Gold:   269        SH:  0    Dex: 12    Spells: 0 memorised, 9 levels left

rFire  . . .     SeeInvis .     U - +0 broad axe
rCold  . . .     Gourm    .     L - +0 plate armour
rNeg   . . .     Faith    .     (no shield)
rPois  .         Spirit   .     c - +0 hat
rElec  .         Dismiss  .     (no cloak)
rCorr  .         Reflect  .     N - +1 pair of gloves
SustAt .         Harm     .     (no boots)
MR     .....                    (no amulet)
Stlth  ..........               (no ring)
                                (no ring)

@: drained, not resistant to hostile enchantments, extremely unstealthy
A: retaliatory headbutt, horns 2
a: Minor Destruction, Lesser Servant of Makhleb, Renounce Religion


You were on level 9 of the Dungeon.
You worshipped Makhleb.
Makhleb was most pleased with you.
You were not hungry.

You visited 2 branches of the dungeon, and saw 10 of its levels.

You collected 593 gold pieces.
You spent 324 gold pieces at shops.

Inventory:

Hand Weapons
 U - a +0 broad axe (weapon)
Missiles
 d - 3 throwing nets
 q - 10 tomahawks (quivered)
Armour
 c - a +0 hat (worn)
 L - a +0 plate armour (worn)
 N - a +1 pair of gloves (worn)
Wands
 B - a wand of digging (14/24)
 R - a wand of lightning (9/15)
 X - a wand of flame (23/48)
Scrolls
 i - 2 scrolls of enchant weapon {unknown}
 j - 2 scrolls of noise {unknown}
 l - a scroll of fear {unknown}
 m - 3 scrolls of blinking {unknown}
 o - a scroll of amnesia {unknown}
 p - 9 scrolls of identify {unknown}
 r - 11 scrolls of teleportation {unknown}
 s - 4 scrolls of remove curse {unknown}
 v - 2 scrolls of enchant armour {unknown}
 z - 2 scrolls of immolation {unknown}
 D - 4 scrolls of magic mapping {unknown}
 E - 2 scrolls of random uselessness {unknown}
 K - a scroll of fog {unknown}
 P - a scroll of summoning {unknown}
 T - a scroll of silence {unknown}
Potions
 g - 4 potions of mutation {unknown}
 n - 4 potions of curing
 t - a potion of lignification {unknown}
 w - a potion of cure mutation {unknown}
 G - a potion of invisibility {unknown}
 I - a potion of cancellation {unknown}
 J - a potion of agility {unknown}
 M - 4 potions of heal wounds
 Q - a potion of magic {unknown}
Books
 S - a book of Maledictions

   Spells                             Type                      Level
   a - Corona                         Hexes                        1
   b - Ensorcelled Hibernation        Hexes/Ice                    2
   c - Confuse                        Hexes                        3
   d - Tukima's Dance                 Hexes                        3
   e - Dazzling Spray                 Conjuration/Hexes            3
Comestibles
 f - 11 bread rations
 u - 2 beef jerkies
 x - 4 meat rations
 V - a royal jelly
 Y - 8 slices of pizza
 Z - 2 chunks of flesh


   Skills:
 + Level 7.8(7.7) Fighting
 + Level 13.2(13.1) Axes
 - Level 2.0(1.8) Throwing
 + Level 7.4(7.3) Armour
 - Level 3.2(3.1) Dodging
 + Level 6.1(5.9) Invocations


You had 9 spell levels left.
You didn't know any spells.

Dungeon Overview and Level Annotations

Branches:
Dungeon (9/15)             Temple (1/1) D:5
   Lair: D:8-11         Orc: D:9-12

Altars:
Ashenzari
Cheibriados
Dithmenos
Elyvilon
Fedhas
Gozag
Kikubaaqudgha
Makhleb
Nemelex Xobeh
Okawaru
Pakellas
Qazlal
Ru
Sif Muna
Trog
Vehumet
Xom
Yredelemnul
Zin
The Shining One

Shops:
D:6 [[%!


Innate Abilities, Weirdness & Mutations

You reflexively headbutt those who attack you in melee.
You have a pair of horns on your head.


Message History

The swamp worm bites you. The swamp worm closely misses you.
You furiously retaliate!
You headbutt the swamp worm! The swamp worm bites you!!
You are too injured to fight recklessly!
You are too injured to fight recklessly!
You are too injured to fight recklessly!
You are too injured to fight recklessly!
Your unstable footing causes you to fumble your attack.
The swamp worm bites you! x2
* * * LOW HITPOINT WARNING * * *
The swamp worm barely misses you.
The swamp worm completely misses you. x2
The swamp worm bites you but does no damage.
You see here a worm corpse.
The swamp worm barely misses you. The swamp worm bites you.
* * * LOW HITPOINT WARNING * * *
The swamp worm bites you!
* * * LOW HITPOINT WARNING * * *
The swamp worm bites you.
You die...

.# #..##.#.# #.....# #.# .#
#..##...#####[..# #########.# ##
#..##....## #..## #.........# #
#..##.....# #..# #.######### #
#..≈≈≈≈≈≈≈###..# #.# #
#≈≈≈≈≈≈≈≈≈≈≈...# #.#
####≈≈≈#######≈≈≈..# #.#
....≈≈##≈≈≈≈≈#P≈≈#.####.##
####≈≈#?≈≈≈≈≈≈≈w@........########
####≈≈##≈≈≈≈≈#Pw≈..####..........
....≈≈≈#######≈≈≈### #.#########
#####≈≈ ≈≈≈≈≈## #.# .......
≈≈≈≈### #(# ####### #.... ..#
....# ### ####


You could see 2 swamp worms.

Vanquished Creatures
  A hill giant (D:6)
  Joseph (D:8)
  A troll (D:9)
  A two-headed ogre (D:8)
  Sigmund (D:2)
  A wyvern (D:9)
  A human (D:9)
  2 hungry ghosts
  A steam dragon (D:7)
  Menkaure (D:4)
  A water moccasin (D:8)
  2 ice beasts
  An orc warrior (D:9)
  2 phantoms
  2 ogres
  2 centaurs
  9 giant frogs
  A wyvern skeleton (D:9)
  2 scorpions
  7 killer bees (D:8)
  A howler monkey (D:5)
  3 jellies
  2 centaur zombies
  3 crimson imps
  4 hounds
  2 giant frog skeletons (D:5)
  4 orc priests
  6 iguanas
  9 orc wizards
  6 worker ants
  A hound zombie (D:7)
  A hound skeleton (D:5)
  3 gnolls (D:5)
  5 adders
  2 oozes
  2 adder skeletons
  An adder zombie (D:5)
  8 worms (D:9)
  3 dart slugs
  2 giant geckos
  27 orcs
  A ball python (D:6)
  4 giant cockroaches
  3 goblins
  7 hobgoblins
  11 jackals
  5 kobolds
  5 quokkas
  8 bats
  5 giant newts
  A quokka skeleton (D:7)
  8 rats
  A plant (D:9)
194 creatures vanquished.

Vanquished Creatures (others)
  A plant (D:9)
1 creature vanquished.

Grand Total: 195 creatures vanquished

Notes
Turn   | Place    | Note
--------------------------------------------------------------
     0 | D:1      | George the Minotaur Gladiator began the quest for the Orb.
     0 | D:1      | Reached XP level 1. HP: 18/18 MP: 0/0
     0 | D:1      | Noticed a draconian
     0 | D:1      | Noticed a vampire
     1 | D:1      | Noticed a gargoyle
     3 | D:1      | Noticed a vampire
     5 | D:1      | Noticed a draconian
     6 | D:1      | Noticed a felid
     7 | D:1      | Noticed a formicid
     8 | D:1      | Noticed a ghoul
    10 | D:1      | Noticed a draconian
    12 | D:1      | Noticed a gargoyle
    12 | D:1      | Noticed a draconian
    14 | D:1      | Noticed a ghoul
    18 | D:1      | Noticed a formicid
   117 | D:1      | Reached skill level 4 in Axes
   294 | D:1      | Reached XP level 2. HP: 25/25 MP: 1/1
   643 | D:1      | Reached skill level 5 in Axes
   881 | D:2      | Reached XP level 3. HP: 30/30 MP: 2/2
   894 | D:2      | Found a white marble altar of Elyvilon.
   959 | D:2      | Found a shadowy altar of Dithmenos.
  1188 | D:2      | Noticed Sigmund
  1198 | D:2      | Killed Sigmund
  1198 | D:2      | Reached skill level 7 in Axes
  1198 | D:2      | Reached XP level 4. HP: 23/37 MP: 3/3
  1198 | D:2      | Reached XP level 5. HP: 26/42 MP: 4/4
  1580 | D:3      | Found a radiant altar of Vehumet.
  1681 | D:3      | Found a sparkling altar of Nemelex Xobeh.
  1773 | D:3      | Reached skill level 8 in Axes
  2054 | D:3      | Reached XP level 6. HP: 50/50 MP: 5/5
  2313 | D:3      | Found a snail-covered altar of Cheibriados.
  2319 | D:3      | Found a basalt altar of Yredelemnul.
  2320 | D:3      | Found a blossoming altar of Fedhas.
  2562 | D:4      | Noticed Menkaure
  2567 | D:4      | Killed Menkaure
  2567 | D:4      | Reached skill level 9 in Axes
  2707 | D:4      | Found an opulent altar of Gozag.
  3156 | D:5      | Entered Level 5 of the Dungeon
  3220 | D:5      | Reached XP level 7. HP: 32/56 MP: 6/6
  3353 | D:5      | Reached skill level 10 in Axes
  3503 | D:5      | Found a sacrificial altar of Ru.
  3680 | D:5      | Reached skill level 11 in Axes
  3872 | D:5      | Reached XP level 8. HP: 62/62 MP: 7/7
  4012 | D:5      | Found a staircase to the Ecumenical Temple.
  4021 | Temple   | Entered the Ecumenical Temple
  4029 | Temple   | Became a worshipper of Makhleb the Destroyer
  4214 | D:5      | Reached skill level 1 in Armour
  4214 | D:5      | Reached skill level 1 in Invocations
  4220 | D:6      | Found Gint's Distillery.
  4222 | D:6      | Bought a potion of heal wounds for 55 gold pieces
  4222 | D:6      | Bought a potion of heal wounds for 55 gold pieces
  4222 | D:6      | Bought a potion of heal wounds for 55 gold pieces
  4222 | D:6      | Bought a potion of curing for 33 gold pieces
  4552 | D:6      | Found a shattered altar of Ashenzari.
  4556 | D:6      | Reached * piety under Makhleb
  4706 | D:6      | Found Con Vuho's Antique Armour Shop.
  4712 | D:6      | Bought a pair of runed gloves for 126 gold pieces
  4803 | D:6      | Found Uduqup's Armour Shop.
  4835 | D:6      | Noticed a hill giant
  4841 | D:6      | Killed a hill giant
  4841 | D:6      | Reached skill level 12 in Axes
  4841 | D:6      | Reached XP level 9. HP: 71/73 MP: 8/10
  4887 | D:6      | Found Molo's Food Boutique.
  4980 | D:6      | Reached skill level 5 in Fighting
  5539 | D:7      | Reached skill level 5 in Armour
  5970 | D:8      | Reached ** piety under Makhleb
  6473 | D:8      | Reached skill level 5 in Invocations
  6748 | D:8      | Reached XP level 10. HP: 84/84 MP: 12/12
  6757 | D:8      | Reached skill level 13 in Axes
  6936 | D:8      | Noticed Joseph
  6949 | D:8      | Killed Joseph
  7271 | D:9      | Reached *** piety under Makhleb
  7625 | D:9      | Found a bloodstained altar of Trog.
  8085 | D:9      | HP: 4/88 [swamp worm (8)]
  8085 | D:9      | Slain by a swamp worm

Vault maps used:
D:1:      shiori_arrival_whats_in_store_for_you
D:2:      nicolae_dithmenos_shadow_blocks, minmay_misc_feat_chi,
          elyvilon_altar_5, uniq_sigmund
D:3:      lemuel_doored_altar, lemuel_round_altar, minitemple, first_bread
D:4:      minmay_curled_crystal, nicolae_gozag_cash_rules_everything_around_me,
          uniq_menkaure
D:5:      temple_hall, nicolae_ru_path_of_blood
D:6:      kennysheep_mini, serial_shops, shop_fountains, shop, shop_statue,
          shop, kennysheep_generic_room_15
D:8:      uniq_joseph
D:9:      basic_altar, grunt_pizzeria, st_stairs_7, worms_lemuel
Temple:   circular_temple_12

Skill      XL: |  1  2  3  4  5  6  7  8  9 10 |
---------------+-------------------------------+-----
Axes           | 4 5 7 8 9 11 12 13 | 13.2
Armour         | 4 6 7 |  7.4
Invocations    | 3 5 6 |  6.1
Fighting       | 4 6 7 |  7.8
Throwing       | |  2.0
Dodging        | |  3.2

Action                   |  1- 3 |  4- 6 |  7- 9 | 10-12 || total
-------------------------+-------+-------+-------+-------++-------
Melee: War axe           |    64 |    80 |   340 |     8 ||   492
       Broad axe         |       |       |       |   113 ||   113
  Eat: Chunk             |     1 |     4 |     8 |     6 ||    19
       Royal jelly       |       |     1 |       |       ||     1
       Pizza             |       |       |     1 |       ||     1
       Bread ration      |       |       |     1 |       ||     1
       Beef jerky        |       |       |     1 |       ||     1
